 Dungeon Crawl Stone Soup version 0.13.0-19-g8e0b589 (webtiles) character file.

139 Kae the Ruinous (level 4, -2/24 HPs)
             Began as a Tengu Fire Elementalist on Oct 24, 2013.
             Killed by nerve-wracking pain
             ... invoked by Grinder
              (7 damage)
             ... on Level 3 of the Dungeon.
             The game lasted 00:06:21 (2771 turns).

Kae the Ruinous (Tengu Fire Elementalist)           Turns: 2771, Time: 00:06:21

HP  -2/24        AC  2     Str  9      XL: 4   Next:  2%
MP   0/9         EV 15     Int 16      God:
Gold 81          SH  0     Dex 14      Spells:  3 memorised,  1 level left

Res.Fire  : . . .   See Invis. : .   (no weapon)
Res.Cold  : . . .   Warding    : .   a - +0 robe
Life Prot.: . . .   Conserve   : .   (no shield)
Res.Poison: .       Res.Corr.  : .   (helmet restricted)
Res.Elec. : .       Clarity    : .   (no cloak)
Sust.Abil.: . .     Spirit.Shd : .   (no gloves)
Res.Mut.  : .       Stasis     : .   (boots unavailable)
Res.Rott. : .       Flight     : +   (no amulet)
Saprovore : . . .                    (no ring)
                                     (no ring)

@: flying, quick, slightly resistant to hostile enchantments, fairly stealthy
A: beak, talons 3
a: no special abilities


You were on level 3 of the Dungeon.
You were hungry.

You visited 1 branch of the dungeon, and saw 3 of its levels.

You collected 61 gold pieces.

Inventory:

Missiles
 h - 4 darts (quivered)
Armour
 a - a +0 robe (worn)
Comestibles
 c - 3 bread rations
 k - a meat ration
 r - 2 chunks of orc flesh
Scrolls
 d - 2 scrolls of enchant weapon I {unknown}
 f - a scroll of random uselessness {unknown}
 g - a scroll of curse armour {unknown}
 i - 4 scrolls of identify {unknown}
 l - a scroll of curse jewellery {unknown}
 p - a scroll of blinking {unknown}
 q - 3 scrolls of remove curse {unknown}
Potions
 e - a potion of flight
 j - a potion of agility {unknown}
 m - a potion of heal wounds {unknown}
 n - a potion of invisibility {unknown}
Books
 b - a book of Flames

   Spells                             Type                      Level
   *Flame Tongue                      Conjuration/Fire             1
   *Throw Flame                       Conjuration/Fire             2
   *Conjure Flame                     Conjuration/Fire             3
   Inner Flame                        Hexes/Fire                   3
   Sticky Flame                       Conjuration/Fire             4
   Fireball                           Conjuration/Fire             5


   Skills:
 - Level 2.1 Dodging
 - Level 2.0 Stealth
 + Level 2.0 Spellcasting
 * Level 3.6 Conjurations
 + Level 3.6 Fire Magic


You had one spell level left.
You knew the following spells:

 Your Spells              Type           Power        Failure   Level  Hunger
a - Flame Tongue          Conj/Fire      ##...        6%          1    #......
b - Throw Flame           Conj/Fire      ##....       10%         2    ###....
c - Conjure Flame         Conj/Fire      ##......     14%         3    ####...


Dungeon Overview and Level Annotations

Branches:
Dungeon (3/27)

Altars:

Annotations:
D:3 Grinder


Innate Abilities, Weirdness & Mutations

You have a beak for a mouth.
You have claws for feet.


Message History

You writhe in agony.
* * * LOW HITPOINT WARNING * * *
Drink which item? (? for menu, Esc to quit)
You feel better. Grinder completely misses you.
You barely miss Grinder.
Grinder is almost dead.
Grinder hits you.
* * * LOW HITPOINT WARNING * * *
You writhe in agony.
Casting: Flame Tongue
Confirm with . or Enter, or press ? or * to list all spells.
Aiming: Flame Tongue
Press: ? - help, Shift-Dir - straight line, f/p - Grinder
Aim: Grinder (almost dead)
The flame hits Grinder.
Grinder is almost dead.
Grinder drinks a potion.
Grinder is healed!
Grinder gestures at you. Pain shoots through your body!
You die...

### #... ...
....### #...
... ?......
#... ...
....... ####
.#######.#
........#####
>..... ...
....o.o......
.....#
#.#.#######
......####...
.....#
#.#.......#
..( #######
.....# #.#
#@# . #......
.....# #.#
#.# #[#####
.....# #.#
#5# #....
.....###.#
#.# ####.
..#....).#
#.# ###......
..#......#
#.# #<# #####
..#......#
#.# #.#
..#......#
#.# #.#######
.##......#
#.# #...%....


You could see Grinder.

Vanquished Creatures
  A gnoll (D:1)
  2 giant geckos
  2 orcs (D:3)
  4 giant cockroaches
  5 hobgoblins
  A quokka (D:2)
  A ball python (D:3)
  7 bats
  2 giant newts
  10 goblins
  A jackal (D:1)
  4 kobolds
  8 rats
48 creatures vanquished.

Notes
Turn   | Place    | Note
--------------------------------------------------------------
     0 | D:1      | Kae, the Tengu Fire Elementalist, began the quest for the Orb.
     0 | D:1      | Reached XP level 1. HP: 10/10 MP: 3/3
   269 | D:1      | Reached XP level 2. HP: 7/15 MP: 1/5
   543 | D:1      | Reached XP level 3. HP: 17/19 MP: 4/7
  1003 | D:2      | Learned a level 2 spell: Throw Flame
  2663 | D:3      | Reached XP level 4. HP: 24/24 MP: 3/9
  2724 | D:3      | Learned a level 3 spell: Conjure Flame
  2752 | D:3      | Noticed Grinder
  2771 | D:3      | Killed from afar by Grinder

Action                   |  1- 3 |  4- 6 || total
-------------------------+-------+-------++-------
Melee: Unarmed           |    44 |     2 ||    46
 Cast: Flame Tongue      |    68 |     8 ||    76
       Throw Flame       |     8 |       ||     8
       Conjure Flame     |       |     1 ||     1
  Use: Potion            |       |     3 ||     3
 Stab: Sleeping          |     1 |       ||     1
